 Dungeon Crawl Stone Soup version 0.23.2-1-ga50397a6bc (webtiles) character file.

Game seed: 11901767992228773350

26 MisterOstroum the Bolt Thrower (level 2, -1/20 HPs)
             Began as a Centaur Wanderer on May 9, 2019.
             Slain by a goblin (3 damage)
             ... on level 1 of the Dungeon on May 10, 2019.
             The game lasted 00:05:01 (652 turns).

MisterOstroum the Bolt Thrower (Centaur Wanderer)    Turns: 652, Time: 00:05:01

Health: -1/20      AC:  5    Str: 13    XL:     2   Next: 89%
Magic:  2/2        EV:  8    Int: 14    God:
Gold:   36         SH:  0    Dex:  6    Spells: 1/1 levels left

rFire    . . .     SeeInvis .   a - +2 hand crossbow
rCold    . . .     Gourm    .   (no shield)
rNeg     . . .     Faith    .   d - +0 ring mail
rPois    .         Spirit   .   (no helmet)
rElec    .         Reflect  .   (no cloak)
rCorr    .         Harm     .   (no gloves)
MR       .....                  (no barding)
Stlth    ..........             (no amulet)
HPRegen  0.06/turn              (no ring)
MPRegen  0.08/turn              (no ring)

@: very quick
A: large, hooves 3, deformed body, speed 2, tough skin 3
a: no special abilities


You were on level 1 of the Dungeon.
You were not hungry.

You visited 1 branch of the dungeon, and saw 1 of its levels.

You collected 36 gold pieces.

Inventory:

Hand Weapons
 a - a +2 hand crossbow (weapon)
 b - a +1 short sword of venom
Missiles
 g - 17 bolts (quivered)
 h - 38 stones
Armour
 d - a +0 ring mail (worn)
Scrolls
 c - 2 scrolls of teleportation {@r3 !r}
 i - a scroll of magic mapping {unknown}
 j - a scroll of random uselessness {unknown}
Potions
 k - 2 potions of lignification {unknown}
 l - a potion of heal wounds {unknown}
Comestibles
 e - 2 rations
 f - 6 chunks of flesh


   Skills:
 + Level 0.0 Fighting
 + Level 4.6 Crossbows
 - Level 1.1 Throwing
 - Level 1.3 Armour
 - Level 1.0 Stealth
   Level 2.6 Summonings


You had one spell level left.
You didn't know any spells.
Your spell library was empty.

Dungeon Overview and Level Annotations

Branches:
Dungeon (1/15)

Altars:


Innate Abilities, Weirdness & Mutations

You have hooves in place of feet.
Armour fits poorly on your strangely shaped body.
You cover ground very quickly.
You have extremely tough skin. (AC +3)


Message History

You can't go up here!
The bat hits you but does no damage. The bat closely misses you.
The bat hits you but does no damage. The bat hits you but does no damage.
The bat hits you but does no damage. The bat hits you but does no damage.
The bat barely misses you. The bat hits you but does no damage.
The bat hits you but does no damage.
There are no items here.
The bat hits you but does no damage. The bat hits you but does no damage.
The bat hits you but does no damage. The bat hits you but does no damage.
The bat hits you.
Found a scroll labeled CURCHO YLIQU.
The bat barely misses you. The bat hits you but does no damage.
The bat closely misses you. The bat hits you but does no damage.
The bat hits you but does no damage. The bat hits you but does no damage.
The bat closely misses you.
You see here a scroll labeled CURCHO YLIQU.
The bat barely misses you. The bat hits you but does no damage.
The bat hits you but does no damage. The bat hits you but does no damage.
The bat hits you but does no damage. The bat hits you.
The bat hits you but does no damage.
Found a robe.
The bat hits you but does no damage. The bat completely misses you.
A frilled lizard, a giant cockroach and 2 goblins come into view.
The goblin shouts!
The frilled lizard hisses angrily.
The goblin shouts!
The bat closely misses you. The bat hits you but does no damage.
The bat hits you but does no damage.
The bat barely misses you. x2; The goblin barely misses you.
The bat barely misses you. The goblin hits you but does no damage.
The giant cockroach bites you but does no damage.
The goblin barely misses you.
The giant cockroach bites you but does no damage.
The goblin closely misses you. The goblin hits you but does no damage.
The giant cockroach bites you.
The goblin hits you with a cursed -2 dagger.
The goblin hits you but does no damage. The giant cockroach barely misses you.
The goblin hits you but does no damage. The goblin barely misses you.
The giant cockroach barely misses you. The goblin closely misses you.
The goblin hits you. The giant cockroach barely misses you.
The goblin hits you but does no damage. The giant cockroach barely misses you.
The goblin hits you but does no damage.
The giant cockroach bites you but does no damage.
The goblin hits you with a cursed -2 dagger.
The goblin barely misses you.
The giant cockroach bites you but does no damage.
The goblin hits you but does no damage. x2
The giant cockroach bites you but does no damage.
The goblin barely misses you. The goblin closely misses you.
The giant cockroach barely misses you.
The goblin hits you with a cursed -2 dagger.
The goblin barely misses you. The giant cockroach closely misses you.
The goblin hits you but does no damage. The giant cockroach closely misses you.
The goblin barely misses you. The giant cockroach misses you.
The goblin hits you with a cursed -2 dagger.
The goblin barely misses you. The giant cockroach bites you.
The goblin hits you but does no damage. The goblin closely misses you.
The giant cockroach bites you but does no damage.
The goblin hits you but does no damage. The goblin barely misses you.
The giant cockroach bites you but does no damage.
The goblin hits you but does no damage. The goblin barely misses you.
The giant cockroach bites you.
* * * LOW HITPOINT WARNING * * *
The goblin hits you but does no damage.
The giant cockroach bites you but does no damage.
The goblin hits you but does no damage. The giant cockroach barely misses you.
The goblin hits you but does no damage. x2
The giant cockroach closely misses you.
The goblin hits you but does no damage. x2
The giant cockroach closely misses you. The goblin hits you but does no damage.
The goblin hits you.
* * * LOW HITPOINT WARNING * * *
The giant cockroach bites you but does no damage.
The goblin hits you but does no damage. The goblin hits you.
* * * LOW HITPOINT WARNING * * *
The giant cockroach bites you but does no damage.
The goblin closely misses you.
The giant cockroach bites you but does no damage.
The goblin hits you but does no damage.
The giant cockroach bites you but does no damage.
The goblin hits you with a cursed -2 dagger.
* * * LOW HITPOINT WARNING * * *
The goblin hits you but does no damage.
The giant cockroach bites you but does no damage.
The goblin hits you but does no damage. The goblin hits you.
You die...

########## ...... ..#
## .##.## #.# #.#
.#...###.#####.# ####
.....?........###...#
.#....##.##.#..#..# #
.........##.#.#...#.##
###.#######.#..g.....#
# #.# #.#.b#@#.#.# #
#+# #...lgs....# #
####.#.#.#.# #
#........# #..#.#.#.#
.........# ........#.#
##....##...#


You could see a giant cockroach, 2 goblins, a bat and a frilled lizard.

Vanquished Creatures
  A dart slug (D:1)
  2 leopard geckos (D:1)
  A ball python (D:1)
  4 bats (D:1)
  A giant cockroach (D:1)
  2 goblins (D:1)
  A frilled lizard (D:1)
  5 kobolds (D:1)
  5 rats (D:1)
22 creatures vanquished.

Notes
Turn   | Place    | Note
-------+----------+-------------------------------------------
     0 | D:1      | MisterOstroum the Centaur Wanderer began the quest for the
                  | Orb.
     0 | D:1      | MisterOstroum set off with the following items: a +2 hand
                  | crossbow, 27 bolts, a scroll of teleportation {@r3 !r}, a
                  | +0 ring mail, a ration
     0 | D:1      | Reached XP level 1. HP: 14/14 MP: 1/1
   210 | D:1      | Reached skill level 4 in Crossbows
   210 | D:1      | Reached XP level 2. HP: 20/20 MP: 2/2
   652 | D:1      | Slain by a goblin

Skill      XL: |  1 |
---------------+----+-----
Crossbows      | 4 |  4.6
Throwing       | |  1.1
Armour         | |  1.3
Stealth        | |  1.0
Summonings     | |  2.6

Action                   || total
-------------------------++-------
Melee: Short sword       ||     2
 Fire: Hand crossbow     ||    51
Armor: Ring mail         ||    64
Dodge: Dodged            ||    46
